 Dungeon Crawl Stone Soup version 0.20.1-1-g8b1a95d (webtiles) character file.

739 dvd the Insei (level 7, -12/52 HPs)
             Began as a Demigod Transmuter on Sept 12, 2017.
             Killed from afar by an orc (18 damage)
             ... with a wand of acid (?/15)
             ... on level 5 of the Dungeon.
             The game lasted 00:10:05 (5292 turns).

dvd the Insei (Demigod Transmuter)                  Turns: 5292, Time: 00:10:05

Health: -12/52     AC:  2    Str: 15    XL:     7   Next: 22%
Magic:  11/15      EV: 21    Int: 19    God:
Gold:   170        SH:  0    Dex: 21    Spells: 4/12 levels left

rFire    . . .     SeeInvis .     - Unarmed
rCold    . . .     Gourm    .   (shield currently unavailable)
rNeg     . . .     Faith    .   (armour currently unavailable)
rPois    x         Spirit   .   (helmet currently unavailable)
rElec    .         Reflect  .   (cloak currently unavailable)
rCorr    .         Harm     .   (gloves currently unavailable)
MR       .....                  (boots currently unavailable)
Stlth    ++........             (no amulet)
Regen    0.2/turn               (no ring)
MPRegen  0.2/turn               (no ring)

@: spider-form, very slightly contaminated
A: high mp 1
a: End Transformation


You were on level 5 of the Dungeon.
You were not hungry.
You were a venomous arachnid creature.
You visited 1 branch of the dungeon, and saw 5 of its levels.

You collected 170 gold pieces.

Inventory:

Hand Weapons
 x - a +4 short sword
 B - a +2 falchion of draining
 D - a +0 falchion of slicing
Missiles
 a - 71 arrows
 E - 2 javelins of penetration (quivered)
Armour
 b - a +0 robe (melded)
 o - a +0 helmet (melded)
 w - a cursed +0 pair of boots (melded)
Jewellery
 y - the amulet of the Four Winds {rN+ MR+++ Clar}
   (You found it on level 4 of the Dungeon)

   [amulet of nothing]

   It protects you from negative energy.
   It affects your resistance to hostile enchantments.
   It protects you against confusion.
Wands
 v - a wand of flame (23/48)
Scrolls
 e - 7 scrolls of identify {unknown}
 f - a scroll of enchant weapon {unknown}
 g - a scroll of magic mapping {unknown}
 h - 11 scrolls of remove curse {unknown}
 k - 2 scrolls of fog {unknown}
 l - a scroll of amnesia {unknown}
 n - a scroll of teleportation {unknown}
 p - a scroll of enchant armour {unknown}
 t - 2 scrolls of noise {unknown}
Potions
 m - 2 potions of curing {unknown}
 q - 2 potions of resistance {unknown}
 r - a potion of experience {unknown}
 s - a potion of flight {unknown}
 z - 2 potions of magic {unknown}
 A - a potion of agility {unknown}
Books
 c - a book of Changes

   Spells                             Type                      Level
   a - Beastly Appendage              Transmutation                1
   b - Sticks to Snakes               Transmutation                2
   c - Spider Form                    Transmutation/Poison         3
   d - Ice Form                       Ice/Transmutation            4
   e - Blade Hands                    Transmutation                5
Comestibles
 d - 7 bread rations
 i - 10 fruits
 j - 2 royal jellies
 u - a meat ration


   Skills:
 + Level 1.0 Fighting
 + Level 2.9 Dodging
 + Level 2.0 Stealth
 + Level 5.2 Unarmed Combat
 + Level 3.4 Spellcasting
 + Level 3.3 Transmutations
 + Level 2.1 Poison Magic


You had 4 spell levels left.
You knew the following spells:

 Your Spells              Type           Power        Failure   Level  Hunger
a - Beastly Appendage     Tmut           ###...       12%         1    None
b - Spider Form           Tmut/Pois      ##........   32%         3    ###....
c - Ice Form              Ice/Tmut       #.......     78%         4    ####...


Dungeon Overview and Level Annotations

Branches:
Dungeon (5/15)
 Temple: D:4-7

Annotations:
D:5 1 transporter


Innate Abilities, Weirdness & Mutations

You have an increased reservoir of magic. (+10% MP)


Message History

You hit the orc.
The orc looks as sick as possible!
The orc is almost dead.
You kill the orc!
The orc wizard gestures at you while chanting.
The puff of flame hits you!
* * * LOW HITPOINT WARNING * * *
You completely miss the orc wizard. The orc wizard completely misses you.
An orc comes into view. It is wielding a hand axe.
You barely miss the orc wizard. The orc wizard misses you.
Okay, then.
Unknown command.
You hit the orc wizard.
The orc wizard is poisoned.
The orc wizard is moderately wounded.
The orc wizard completely misses you.
The orc wizard points at you and mumbles some strange words.
The puff of frost misses you.
You bite the orc wizard!
You kill the orc wizard!
The orc zaps a wand.
The bolt of acid hits you!
You die...

#.#≈...;#...........
#.###+###......#'##.
#.#P.).P#......#.##.
#####.#8.©.8#......#.##.
.....o#######......#.##.
...................#.##.
......)o...##........##.
....##)#.##......#####.
$ #s#...............
#.#.#........#####
#.#.#........#
#.#.###+#(##.#
#.#...#(#.##.#
#...#.#.#.##.#
####.#.....##.#
#######<...###.####.#
#...................#


You could see 2 orcs.

Vanquished Creatures
  3 ogres
  2 scorpions
  A crimson imp (D:5)
  A hound (D:5)
  An orc priest (D:5)
  An iguana (D:5)
  3 orc wizards (D:5)
  Terence (D:2)
  A worker ant (D:5)
  A worker ant zombie (D:5)
  4 adders
  A shadow imp (D:5)
  5 worms
  A dart slug (D:2)
  A leopard gecko (D:2)
  7 orcs (D:5)
  3 giant cockroaches
  5 goblins
  6 hobgoblins
  5 jackals
  A quokka (D:4)
  9 bats
  3 frilled lizards
  9 kobolds
  11 rats
86 creatures vanquished.

Vanquished Creatures (others)
  An adder (D:5)
1 creature vanquished.

Grand Total: 87 creatures vanquished

Notes
Turn   | Place    | Note
-------+----------+-------------------------------------------
     0 | D:1      | dvd the Demigod Transmuter began the quest for the Orb.
     0 | D:1      | Reached XP level 1. HP: 15/15 MP: 5/5
   491 | D:1      | Reached XP level 2. HP: 22/22 MP: 5/7
   518 | D:1      | Reached skill level 3 in Unarmed Combat
  1026 | D:2      | Noticed Terence
  1029 | D:2      | Reached XP level 3. HP: 12/27 MP: 8/8
  1068 | D:2      | Killed Terence
  1202 | D:2      | Learned a level 3 spell: Spider Form
  1603 | D:2      | Reached XP level 4. HP: 34/34 MP: 6/10
  2388 | D:3      | Found a shadowy altar of Dithmenos.
  3083 | D:4      | Noticed an ogre
  3098 | D:4      | Killed an ogre
  3098 | D:4      | Reached skill level 4 in Unarmed Combat
  3098 | D:4      | Reached skill level 1 in Poison Magic
  3098 | D:4      | Reached XP level 5. HP: 11/39 MP: 5/11
  3126 | D:4      | Learned a level 4 spell: Ice Form
  3489 | D:4      | Reached skill level 1 in Stealth
  3841 | D:4      | Found an iron altar of Okawaru.
  3965 | D:4      | Noticed an ogre
  3987 | D:4      | Killed an ogre
  3987 | D:4      | Reached XP level 6. HP: 46/46 MP: 11/13
  4165 | D:5      | Entered Level 5 of the Dungeon
  4491 | D:5      | Found a shimmering altar of Xom.
  5086 | D:5      | Found a radiant altar of Vehumet.
  5087 | D:5      | Found a burning altar of Makhleb.
  5101 | D:5      | Reached skill level 1 in Fighting
  5167 | D:5      | Reached XP level 7. HP: 47/52 MP: 12/15
  5234 | D:5      | Found a transporter.
  5277 | D:5      | Reached skill level 5 in Unarmed Combat
  5292 | D:5      | Killed from afar by an orc

Skill      XL: |  1  2  3  4  5  6  7 |
---------------+----------------------+-----
Transmutations | 2 3 |  3.3
Spellcasting   | 2 3 |  3.4
Unarmed Combat | 3 4 5 |  5.2
Dodging        | 2 |  2.9
Poison Magic   | 1 2 |  2.1
Stealth        | 1 2 |  2.0
Fighting       | 1 |  1.0

Action                   |  1- 3 |  4- 6 |  7- 9 || total
-------------------------+-------+-------+-------++-------
Melee: Unarmed           |   126 |   113 |    26 ||   265
       Kick              |    20 |     2 |       ||    22
       Headbutt          |     4 |       |       ||     4
       Punch             |     2 |       |       ||     2
 Cast: Beastly Appendage |    23 |     1 |       ||    24
       Spider Form       |     7 |    22 |     2 ||    31
 Stab: Sleeping          |     2 |     1 |     1 ||     4
  Eat: Chunk             |     3 |    14 |     1 ||    18
Armor: Robe              |    19 |     3 |       ||    22
       Skin              |     1 |     6 |     1 ||     8
Dodge: Dodged            |    89 |    82 |    18 ||   189
